Americans vs Rivermen

Created - Friday, November 28, 2014 at 23:53

Goals
1 2 3 T
Americans 3 5 1 9
Rivermen 0 1 0 1
Shots
1 2 3 T
Americans 7 6 14 27
Rivermen 5 15 13 33

1st period

1. Americans , Rasmus Ristolainen 26 (Jerome Samson, Jack Skille) at 0:30
2. Americans , Kevin Sundher 2 (Rasmus Ristolainen, Jamie MacQueen) at 1:41
3. Americans , Rasmus Ristolainen 27 (Spencer Abbott, Nick Drazenovic) at 4:46 (PP)

Penalties :
Ryan Ellis (Peo) for Holding (Minor) at 4:24, Chris Brown (Peo) for Roughing (Minor) at 8:38, Chris Brown (Peo) for Diving (Minor) at 17:56

2nd period

4. Americans , Jack Skille 13 (Max Reinhart) at 0:07
5. Rivermen , Brian O'Neill 3 (Chris Brown) at 4:56
6. Americans , Kevin Sundher 3 (Rasmus Ristolainen) at 5:34
7. Americans , Kale Kessy 2 (Kevin Sundher, Peter Andersson) at 7:11
8. Americans , Nick Drazenovic 2 (Spencer Abbott) at 12:56 (PP)
9. Americans , Jack Skille 14 (Doug Janik, Jerome Samson) at 13:55 (PP)

Penalties :
Kale Kessy (RCH) for Roughing (Minor) at 2:26, Rob Davison (Peo) for Fighting (Major) at 5:37, Doug Janik (RCH) for Fighting (Major) at 5:37, Lane Scheidl (Peo) for Hooking (Minor) at 12:04, Maxime Fortunus (Peo) for High sticking (Minor) at 13:42, Farm Player8 (RCH) for Hooking (Minor) at 17:20

3rd period

10. Americans , Jack Skille 15 (Rasmus Ristolainen) at 0:20

Penalties :
Anton Belov (Peo) for Hooking (Minor) at 2:06, Rob Davison (Peo) for Boarding (Minor) at 15:20

Goalie Stats

Petr Mrazek (RCH), 32 saves from 33 shots - (0.970), W, 15-2-1, 60:00 minutes
Farm Player87 (Peo), 1 saves from 5 shots - (0.200), 13:48 minutes
Tyler Bunz (Peo), 17 saves from 22 shots - (0.773), L, 5-17-1, 46:12 minutes

Players Stats for Americans

Player Name              G  A  P  +/- PIM S  H  SB GA TA FO     MP     PP MP  PK MP  
------------------------------------------------------------------------------------
Davis Drewiske           0  0  0   3  0   0  0  1  0  0  0/0    10:57   0:00   0:00 
Doug Janik               0  1  1   2  5   2  1  1  0  2  0/0    17:49   4:55   1:56 
Dylan DeMelo             0  0  0   1  0   0  1  2  0  2  0/0    21:29   4:28   2:02 
Farm Player30            0  0  0   0  0   0  0  0  0  0  0/0     1:56   0:00   0:00 
Farm Player8             0  0  0  -1  2   0  0  0  0  0  0/0    11:10   0:00   0:21 
Jack Skille              3  1  4   2  0   6  2  0  6  0  1/3    19:35   4:56   0:22 
Jamie MacQueen           0  1  1   3  0   1  0  1  1  0  0/1    14:10   0:00   0:21 
Jerome Samson            0  2  2   3  0   0  7  1  1  3  0/1    25:00   4:56   3:15 
Kale Kessy               1  0  1   2  2   1  3  1  2  0  0/0    14:19   0:00   0:00 
Kevin Sundher            2  1  3   3  0   3  4  0  3  0  4/8    13:49   0:00   0:00 
Max Reinhart             0  1  1   3  0   1  2  2  2  2  16/25  25:00   4:56   3:15 
Maxime Sauve             0  0  0   0  0   0  2  0  0  1  1/1    18:00   4:27   0:00 
Nate Schmidt             0  0  0  -1  0   1  1  0  0  1  0/0    10:16   0:00   0:00 
Nick Cousins             0  0  0   0  0   1  0  0  0  1  1/1     6:21   0:00   0:00 
Nick Drazenovic          1  1  2   0  0   1  2  0  0  0  6/11   18:00   4:27   0:00 
Peter Andersson          0  1  1   1  0   0  0  1  1  0  0/0    21:29   4:28   2:02 
Rasmus Ristolainen       2  3  5   5  0   6  0  1  1  1  0/0    27:41   4:55   1:56 
Spencer Abbott           0  2  2  -1  0   4  2  1  4  1  0/0    18:53   4:27   0:22 

Players Stats for Rivermen

Player Name              G  A  P  +/- PIM S  H  SB GA TA FO     MP     PP MP  PK MP  
------------------------------------------------------------------------------------
Anton Belov              0  0  0  -4  2   6  0  4  1  1  0/0    23:01   1:50   4:35 
Brian Gibbons            0  0  0  -3  0   3  2  2  4  0  4/13   23:43   2:12   6:30 
Brian O'Neill            1  0  1   1  0   5  0  0  1  0  0/0    13:37   0:00   0:00 
Chris Brown              0  1  1   1  4   0  1  0  2  0  1/1    14:57   0:00   0:33 
Cody Goloubef            0  0  0   0  0   2  0  0  0  1  0/0    11:53   0:00   1:49 
Evan Rankin              0  0  0   0  0   0  0  0  0  0  0/0     5:09   0:00   0:00 
J.T. Brown               0  0  0  -3  0   2  1  1  3  2  5/10   23:53   2:12   6:40 
Joakim Nordstrom         0  0  0  -3  0   2  1  0  1  0  2/10   17:56   1:46   0:00 
Joe Piskula              0  0  0   1  0   1  0  2  0  0  0/0     7:08   0:00   0:00 
Joe Whitney              0  0  0  -3  0   1  0  2  0  1  0/1    18:42   1:46   0:37 
Lane Scheidl             0  0  0   1  2   0  0  1  0  0  0/0     7:43   0:00   0:00 
Mark Stone               0  0  0  -3  0   3  1  0  1  1  1/3    18:13   1:46   1:43 
Maxime Fortunus          0  0  0   0  2   0  4  0  0  1  0/0    12:30   0:00   0:00 
Rob Davison              0  0  0  -2  7   1  0  0  0  0  0/0    16:49   2:08   3:21 
Ryan Ellis               0  0  0  -4  2   4  1  0  4  1  0/0    22:39   1:50   4:47 
Ryan Reaves              0  0  0  -3  0   0  2  0  0  0  1/2    17:34   2:12   2:06 
Ryan Sproul              0  0  0  -2  0   1  2  0  1  0  0/0    20:01   2:08   4:14 
Zack Phillips            0  0  0   1  0   2  1  0  0  1  8/11   14:56   0:00   0:37 

3 Stars

1 - Rasmus Ristolainen (RCH)
2 - Jack Skille (RCH)
3 - Kevin Sundher (RCH)

Power Play

Americans - 3 on 7 Attempt(s) - 42.86%
Rivermen - 0 on 2 Attempt(s) - 0.00%

Penalty Kill

Americans - 2 on 2 Attempt(s) - 100.00% - Score 0 goal in Penalty Kill
Rivermen - 4 on 7 Attempt(s) - 57.14% - Score 0 goal in Penalty Kill

Official

Referees : Unknown
Linesman : Unknown

Game Notes

Farm Player87 enters game at 0:07 of 2nd period
Doug Janik beats up Rob Davison at 5:37 of 2nd period
Tyler Bunz enters game at 13:55 of 2nd period
Jack Skille has scored a Hat Trick!
Mark Stone is injured at 14:49 of 3rd period (Left Hip)

Finance

Level 1 -- Attendance: 1552 (77.60%) -- Ticket Income $43,456
Level 2 -- Attendance: 801 (80.10%) -- Ticket Income $8,010
Total Attendance: 2353 (78.43%)
Total Ticket Income: $51,466
Other Income: $25,218
Total Income: $76,684

Americans

5 vs 5 Forward 
   Center                   Left Wing                Right Wing               Time % Phy DF OF 
 1 Max Reinhart             Jack Skille              Jerome Samson            35     1   2  2  
 2 Nick Drazenovic          Maxime Sauve             Spencer Abbott           30     1   2  2  
 3 Kevin Sundher            Jamie MacQueen           Kale Kessy               22     1   2  2  
 4 Nick Cousins             Max Reinhart             Jerome Samson            13     1   2  2  

5 vs 5 Defense 
   Defense                  Defense                                           Time % Phy DF OF 
 1 Rasmus Ristolainen       Doug Janik                                        35     1   2  2  
 2 Dylan DeMelo             Peter Andersson                                   30     1   2  2  
 3 Davis Drewiske           Rasmus Ristolainen                                22     1   2  2  
 4 Farm Player8             Nate Schmidt                                      13     1   2  2  

PowerPlay Forward 
   Center                   Left Wing                Right Wing               Time % Phy DF OF 
 1 Max Reinhart             Jack Skille              Jerome Samson            60     1   2  2  
 2 Nick Drazenovic          Maxime Sauve             Spencer Abbott           40     1   2  2  

PowerPlay Defense
   Defense                  Defense                                           Time % Phy DF OF 
 1 Rasmus Ristolainen       Doug Janik                                        60     1   2  2  
 2 Dylan DeMelo             Peter Andersson                                   40     1   2  2  

Penalty Kill 4 Players Forward 
   Center                   Wing                     Time % Phy DF OF 
 1 Max Reinhart             Jerome Samson            60     1   2  2  
 2 Jack Skille              Spencer Abbott           40     1   2  2  

Penalty Kill 4 Players Defense
   Defense                  Defense                  Time % Phy DF OF 
 1 Rasmus Ristolainen       Doug Janik               60     1   2  2  
 2 Dylan DeMelo             Peter Andersson          40     1   2  2  

Penalty Kill - 3 Players Forward 
   Forward                                           Time % Phy DF OF 
 1 Max Reinhart                                      60     1   2  2  
 2 Jerome Samson                                     40     1   2  2  

Penalty Kill - 3 Players Defense
   Defense                  Defense                  Time % Phy DF OF 
 1 Rasmus Ristolainen       Doug Janik               60     1   2  2  
 2 Dylan DeMelo             Peter Andersson          40     1   2  2  

4 vs 4 Forward 
   Center                   Wing                     Time % Phy DF OF 
 1 Max Reinhart             Jerome Samson            60     1   2  2  
 2 Jack Skille              Spencer Abbott           40     1   2  2  

4 vs 4 Defense
   Defense                  Defense                  Time % Phy DF OF 
 1 Rasmus Ristolainen       Doug Janik               60     1   2  2  
 2 Dylan DeMelo             Peter Andersson          40     1   2  2  

Last Minutes Offensive
   Center                   Left Wing                Right Wing               Defense                  Defense                  
   Max Reinhart             Jack Skille              Jerome Samson            Rasmus Ristolainen       Doug Janik               

Last Minutes Defensive
   Center                   Left Wing                Right Wing               Defense                  Defense                  
   Max Reinhart             Jack Skille              Jerome Samson            Rasmus Ristolainen       Doug Janik               

Goaltenders
Starting : Petr Mrazek              
Backup : Louis Domingue           

Extra Forwards
Normal : Kevin Sundher, Nick Cousins, Jamie MacQueen - PP : Kevin Sundher, Nick Cousins - PK : Jamie MacQueen
Extra Defensemen
Normal : Davis Drewiske, Rasmus Ristolainen, Farm Player8 - PP : Davis Drewiske - PK : Rasmus Ristolainen, Farm Player8
Penalty Shots
Max Reinhart, Jerome Samson, Jack Skille, Spencer Abbott, Nick Drazenovic

Rivermen

5 vs 5 Forward 
   Center                   Left Wing                Right Wing               Time % Phy DF OF 
 1 Brian Gibbons            J.T. Brown               Ryan Reaves              35     1   2  2  
 2 Joakim Nordstrom         Joe Whitney              Mark Stone               30     1   2  2  
 3 Zack Phillips            Chris Brown              Brian O'Neill            22     1   2  2  
 4 J.T. Brown               Brian Gibbons            Evan Rankin              13     1   2  2  

5 vs 5 Defense 
   Defense                  Defense                                           Time % Phy DF OF 
 1 Ryan Ellis               Anton Belov                                       35     1   2  2  
 2 Ryan Sproul              Rob Davison                                       30     1   2  2  
 3 Maxime Fortunus          Cody Goloubef                                     22     1   2  2  
 4 Joe Piskula              Lane Scheidl                                      13     1   2  2  

PowerPlay Forward 
   Center                   Left Wing                Right Wing               Time % Phy DF OF 
 1 Brian Gibbons            J.T. Brown               Ryan Reaves              60     1   2  2  
 2 Joakim Nordstrom         Joe Whitney              Mark Stone               40     1   2  2  

PowerPlay Defense
   Defense                  Defense                                           Time % Phy DF OF 
 1 Ryan Ellis               Anton Belov                                       60     1   2  2  
 2 Ryan Sproul              Rob Davison                                       40     1   2  2  

Penalty Kill 4 Players Forward 
   Center                   Wing                     Time % Phy DF OF 
 1 J.T. Brown               Brian Gibbons            60     1   2  2  
 2 Ryan Reaves              Mark Stone               40     1   2  2  

Penalty Kill 4 Players Defense
   Defense                  Defense                  Time % Phy DF OF 
 1 Ryan Ellis               Anton Belov              60     1   2  2  
 2 Ryan Sproul              Rob Davison              40     1   2  2  

Penalty Kill - 3 Players Forward 
   Forward                                           Time % Phy DF OF 
 1 J.T. Brown                                        60     1   2  2  
 2 Brian Gibbons                                     40     1   2  2  

Penalty Kill - 3 Players Defense
   Defense                  Defense                  Time % Phy DF OF 
 1 Ryan Ellis               Anton Belov              60     1   2  2  
 2 Ryan Sproul              Rob Davison              40     1   2  2  

4 vs 4 Forward 
   Center                   Wing                     Time % Phy DF OF 
 1 J.T. Brown               Brian Gibbons            60     1   2  2  
 2 Ryan Reaves              Mark Stone               40     1   2  2  

4 vs 4 Defense
   Defense                  Defense                  Time % Phy DF OF 
 1 Ryan Ellis               Anton Belov              60     1   2  2  
 2 Ryan Sproul              Rob Davison              40     1   2  2  

Last Minutes Offensive
   Center                   Left Wing                Right Wing               Defense                  Defense                  
   Brian Gibbons            J.T. Brown               Ryan Reaves              Ryan Ellis               Anton Belov              

Last Minutes Defensive
   Center                   Left Wing                Right Wing               Defense                  Defense                  
   Brian Gibbons            J.T. Brown               Ryan Reaves              Ryan Ellis               Anton Belov              

Goaltenders
Starting : Tyler Bunz               
Backup : Farm Player87            

Extra Forwards
Normal : Zack Phillips, Brian O'Neill, Chris Brown - PP : Zack Phillips, Brian O'Neill - PK : Chris Brown
Extra Defensemen
Normal : Maxime Fortunus, Cody Goloubef, Joe Piskula - PP : Maxime Fortunus - PK : Cody Goloubef, Joe Piskula
Penalty Shots
J.T. Brown, Brian Gibbons, Ryan Reaves, Mark Stone, Joe Whitney

% Time on Ice - Americans

Lines # - Real PCT - Wanted PCT - Time Play
Normal Forward
1 - 29% - 35% - 13:28
2 - 30% - 30% - 14:04
3 - 30% - 22% - 13:50
4 - 11% - 13% - 5:17
Normal Defense
1 - 30% - 35% - 13:56
2 - 32% - 30% - 14:59
3 - 16% - 22% - 7:27
4 - 22% - 13% - 10:17
PP Forward
1 - 53% - 60% - 4:56
2 - 47% - 40% - 4:27
PP Defense
1 - 52% - 60% - 4:55
2 - 48% - 40% - 4:28
PK Forward
1 - 91% - 60% - 3:36
2 - 9% - 40% - 0:22
PK Defense
1 - 49% - 60% - 1:56
2 - 51% - 40% - 2:02
PK3 Forward
1 - 0% - 60%
2 - 0% - 40%
PK3 Defense
1 - 0% - 60%
2 - 0% - 40%
44 Forward
1 - 0% - 60%
2 - 0% - 40%
44 Defense
1 - 0% - 60%
2 - 0% - 40%
Last Minute Offensive  - 0:00
Last Minute Defensive  - 0:00
Total
Forward - 60:00
Defense - 60:00

% Time on Ice - Rivermen

Lines # - Real PCT - Wanted PCT - Time Play
Normal Forward
1 - 26% - 35% - 12:00
2 - 37% - 30% - 17:05
3 - 28% - 22% - 13:15
4 - 9% - 13% - 4:19
Normal Defense
1 - 34% - 35% - 16:03
2 - 29% - 30% - 13:40
3 - 21% - 22% - 9:48
4 - 15% - 13% - 7:08
PP Forward
1 - 55% - 60% - 2:12
2 - 45% - 40% - 1:46
PP Defense
1 - 46% - 60% - 1:50
2 - 54% - 40% - 2:08
PK Forward
1 - 78% - 60% - 7:17
2 - 22% - 40% - 2:06
PK Defense
1 - 55% - 60% - 5:09
2 - 45% - 40% - 4:14
PK3 Forward
1 - 0% - 60%
2 - 0% - 40%
PK3 Defense
1 - 0% - 60%
2 - 0% - 40%
44 Forward
1 - 0% - 60%
2 - 0% - 40%
44 Defense
1 - 0% - 60%
2 - 0% - 40%
Last Minute Offensive  - 0:00
Last Minute Defensive  - 0:00
Total
Forward - 60:00
Defense - 60:00

Play by Play

1st period


0:01 of 1st period - Max Reinhart wins face-off versus Brian Gibbons in neutral zone.
0:18 of 1st period - Snap shot by Rasmus Ristolainen.
0:18 of 1st period - Shot Misses the Net.
0:20 of 1st period - Snap shot by Jerome Samson.
0:20 of 1st period - Shot Misses the Net.
0:22 of 1st period - Slapshot by Rasmus Ristolainen.
0:22 of 1st period - Shot Blocked by Anton Belov.
0:24 of 1st period - Snap shot by Jerome Samson.
0:24 of 1st period - Shot Blocked by Brian Gibbons.
0:26 of 1st period - Slapshot by Rasmus Ristolainen.
0:26 of 1st period - Shot Misses the Net.
0:28 of 1st period - Slapshot by Rasmus Ristolainen.
0:28 of 1st period - Shot Misses the Net.
0:30 of 1st period - Slapshot by Rasmus Ristolainen.
0:30 of 1st period - Deflect By Ryan Ellis.
0:30 of 1st period - Goal by Rasmus Ristolainen - Americans : 1 - Rivermen : 0.
0:31 of 1st period - Joakim Nordstrom wins face-off versus Nick Drazenovic in neutral zone.
0:42 of 1st period - Wrist shot by Joakim Nordstrom.
0:42 of 1st period - Stopped by Petr Mrazek with a rebound.
1:07 of 1st period - Snap shot by Nick Drazenovic.
1:07 of 1st period - Shot Misses the Net.
1:09 of 1st period - Slapshot by Dylan DeMelo.
1:09 of 1st period - Shot Blocked by Joe Whitney.
1:19 of 1st period - Wrist shot by Jamie MacQueen.
1:19 of 1st period - Shot Misses the Net.
1:21 of 1st period - Slapshot by Davis Drewiske.
1:21 of 1st period - Shot Blocked by Joe Whitney.
1:39 of 1st period - Slapshot by Rasmus Ristolainen.
1:39 of 1st period - Shot Misses the Net.
1:41 of 1st period - Snap shot by Rasmus Ristolainen.
1:41 of 1st period - Deflect By Kevin Sundher.
1:41 of 1st period - Goal by Kevin Sundher - Americans : 2 - Rivermen : 0.
1:42 of 1st period - Zack Phillips wins face-off versus Jerome Samson in neutral zone.
2:32 of 1st period - Brian Gibbons is hit by Kale Kessy and loses puck.
3:00 of 1st period - J.T. Brown is hit by Kevin Sundher and loses puck.
3:39 of 1st period - Slapshot by Rasmus Ristolainen.
3:39 of 1st period - Shot Blocked by Joe Piskula.
3:41 of 1st period - Wrist shot by Spencer Abbott.
3:41 of 1st period - Stopped by Tyler Bunz with a rebound.
3:43 of 1st period - Wrist shot by Spencer Abbott.
3:43 of 1st period - Shot Misses the Net.
3:45 of 1st period - Slapshot by Doug Janik.
3:45 of 1st period - Stopped by Tyler Bunz without a rebound.
3:46 of 1st period - Max Reinhart wins face-off versus Joakim Nordstrom in Rivermen zone.
4:16 of 1st period - Slapshot by Jack Skille.
4:16 of 1st period - Shot Misses the Net.
4:18 of 1st period - Snap shot by Max Reinhart.
4:18 of 1st period - Stopped by Tyler Bunz with a rebound.
4:24 of 1st period - Minor Penalty to Ryan Ellis for Holding.
4:25 of 1st period - Nick Drazenovic wins face-off versus J.T. Brown in Rivermen zone.
4:42 of 1st period - Slapshot by Spencer Abbott.
4:42 of 1st period - Shot Misses the Net.
4:46 of 1st period - Wrist shot by Rasmus Ristolainen.
4:46 of 1st period - Goal by Rasmus Ristolainen - Americans : 3 - Rivermen : 0.
4:47 of 1st period - Max Reinhart wins face-off versus Zack Phillips in neutral zone.
4:50 of 1st period - Wrist shot by Jack Skille.
4:50 of 1st period - Stopped by Tyler Bunz without a rebound.
4:51 of 1st period - Zack Phillips wins face-off versus Max Reinhart in Rivermen zone.
4:51 of 1st period - Zack Phillips is hit by Jerome Samson.
5:15 of 1st period - Rob Davison is hit by Max Reinhart and loses puck.
5:42 of 1st period - Rasmus Ristolainen is hit by Ryan Sproul and loses puck.
6:52 of 1st period - Wrist shot by Ryan Ellis.
6:52 of 1st period - Stopped by Petr Mrazek without a rebound.
6:53 of 1st period - Zack Phillips wins face-off versus Kevin Sundher in Americans zone.
7:02 of 1st period - Backhand shot by Brian O'Neill.
7:02 of 1st period - Shot Misses the Net.
8:00 of 1st period - Joakim Nordstrom is hit by Doug Janik and loses puck.
8:38 of 1st period - Minor Penalty to Chris Brown for Roughing.
8:39 of 1st period - J.T. Brown wins face-off versus Nick Drazenovic in Rivermen zone.
8:39 of 1st period - J.T. Brown is hit by Maxime Sauve.
9:15 of 1st period - Backhand shot by Anton Belov.
9:15 of 1st period - Stopped by Petr Mrazek with a rebound.
10:38 of 1st period - Penalty to Chris Brown is over, Chris Brown is back on ice.
10:38 of 1st period - Ryan Reaves is hit by Spencer Abbott and loses puck.
11:33 of 1st period - Brian O'Neill is hit by Nate Schmidt and loses puck.
12:10 of 1st period - Peter Andersson is hit by Maxime Fortunus and loses puck.
12:25 of 1st period - Jerome Samson is hit by Maxime Fortunus.
13:54 of 1st period - Slapshot by Nate Schmidt.
13:54 of 1st period - Shot Blocked by Lane Scheidl.
15:05 of 1st period - Off-side.
15:06 of 1st period - Kevin Sundher wins face-off versus Joakim Nordstrom in neutral zone.
15:41 of 1st period - Ryan Ellis is hit by Jerome Samson and loses puck.
17:00 of 1st period - Off-side.
17:01 of 1st period - Brian Gibbons wins face-off versus Max Reinhart in neutral zone.
17:06 of 1st period - Slapshot by Anton Belov.
17:06 of 1st period - Stopped by Petr Mrazek without a rebound.
17:07 of 1st period - Brian Gibbons wins face-off versus Jack Skille in Americans zone.
17:56 of 1st period - Minor Penalty to Chris Brown for Diving.
17:57 of 1st period - J.T. Brown wins face-off versus Jack Skille in Rivermen zone.
18:04 of 1st period - Wrist shot by Brian Gibbons.
18:04 of 1st period - Stopped by Petr Mrazek without a rebound.
18:05 of 1st period - Max Reinhart wins face-off versus J.T. Brown in Americans zone.
19:22 of 1st period - Backhand shot by Jack Skille.
19:22 of 1st period - Deflect By Anton Belov.
19:22 of 1st period - Shot Misses the Net.
19:22 of 1st period - Puck is out of play.
19:23 of 1st period - Zack Phillips wins face-off versus Max Reinhart in Rivermen zone.
19:34 of 1st period - Anton Belov is hit by Jerome Samson and loses puck.
19:56 of 1st period - Penalty to Chris Brown is over, Chris Brown is back on ice.
Goals for this period are 3 for Americans vs 0 for Rivermen.
Shots for this period are 7 for Americans vs 5 for Rivermen.

2nd period


0:01 of 2nd period - Max Reinhart wins face-off versus Ryan Reaves in neutral zone.
0:03 of 2nd period - Off-side.
0:04 of 2nd period - Max Reinhart wins face-off versus Brian Gibbons in neutral zone.
0:07 of 2nd period - Slapshot by Jack Skille.
0:07 of 2nd period - Goal by Jack Skille - Americans : 4 - Rivermen : 0.
0:07 of 2nd period - Farm Player87 enters game.
0:08 of 2nd period - Brian Gibbons wins face-off versus Max Reinhart in neutral zone.
0:19 of 2nd period - Slapshot by Anton Belov.
0:19 of 2nd period - Stopped by Petr Mrazek with a rebound.
0:21 of 2nd period - Snap shot by Anton Belov.
0:21 of 2nd period - Stopped by Petr Mrazek with a rebound.
0:23 of 2nd period - Slapshot by Anton Belov.
0:23 of 2nd period - Stopped by Petr Mrazek with a rebound.
1:00 of 2nd period - Jerome Samson is hit by Mark Stone and loses puck.
2:01 of 2nd period - Wrist shot by Chris Brown.
2:01 of 2nd period - Shot Blocked by Peter Andersson.
2:03 of 2nd period - Snap shot by Zack Phillips.
2:03 of 2nd period - Shot Misses the Net.
2:05 of 2nd period - Slapshot by Rob Davison.
2:05 of 2nd period - Stopped by Petr Mrazek with a rebound.
2:07 of 2nd period - Wrist shot by Brian O'Neill.
2:07 of 2nd period - Stopped by Petr Mrazek without a rebound.
2:08 of 2nd period - Zack Phillips wins face-off versus Jamie MacQueen in Americans zone.
2:19 of 2nd period - Snap shot by Chris Brown.
2:19 of 2nd period - Shot Misses the Net.
2:21 of 2nd period - Slapshot by Ryan Sproul.
2:21 of 2nd period - Shot Blocked by Davis Drewiske.
2:26 of 2nd period - Minor Penalty to Kale Kessy for Roughing.
2:27 of 2nd period - Max Reinhart wins face-off versus Brian Gibbons in Americans zone.
3:01 of 2nd period - Ryan Reaves is hit by Jerome Samson and loses puck.
3:18 of 2nd period - Rasmus Ristolainen is hit by Ryan Sproul and loses puck.
3:23 of 2nd period - Snap shot by Mark Stone.
3:23 of 2nd period - Shot Blocked by Max Reinhart.
3:45 of 2nd period - Dylan DeMelo is hit by Brian Gibbons and loses puck.
4:10 of 2nd period - Slapshot by Ryan Ellis.
4:10 of 2nd period - Shot Misses the Net.
4:14 of 2nd period - Slapshot by Ryan Ellis.
4:14 of 2nd period - Shot Hit the Post.
4:26 of 2nd period - Penalty to Kale Kessy is over, Kale Kessy is back on ice.
4:34 of 2nd period - Jack Skille is hit by Ryan Reaves and loses puck.
4:56 of 2nd period - Wrist shot by Brian O'Neill.
4:56 of 2nd period - Goal by Brian O'Neill - Americans : 4 - Rivermen : 1.
4:57 of 2nd period - Zack Phillips wins face-off versus Nick Drazenovic in neutral zone.
5:18 of 2nd period - Wrist shot by Zack Phillips.
5:18 of 2nd period - Shot Misses the Net.
5:20 of 2nd period - Snap shot by Zack Phillips.
5:20 of 2nd period - Deflect By Brian O'Neill.
5:20 of 2nd period - Stopped by Petr Mrazek without a rebound.
5:21 of 2nd period - Mark Stone wins face-off versus Kevin Sundher in Americans zone.
5:28 of 2nd period - Snap shot by Mark Stone.
5:28 of 2nd period - Shot Misses the Net.
5:34 of 2nd period - Backhand shot by Rasmus Ristolainen.
5:34 of 2nd period - Deflect By Kevin Sundher.
5:34 of 2nd period - Goal by Kevin Sundher - Americans : 5 - Rivermen : 1.
5:35 of 2nd period - Nick Drazenovic wins face-off versus Zack Phillips in neutral zone.
5:37 of 2nd period - Doug Janik beats up Rob Davison.
5:37 of 2nd period - Penalty to Rob Davison for Fighting.
5:37 of 2nd period - Penalty to Doug Janik for Fighting.
5:38 of 2nd period - Max Reinhart wins face-off versus Brian Gibbons in neutral zone.
6:39 of 2nd period - Snap shot by Mark Stone.
6:39 of 2nd period - Stopped by Petr Mrazek with a rebound.
6:41 of 2nd period - Slapshot by Ryan Ellis.
6:41 of 2nd period - Stopped by Petr Mrazek with a rebound.
6:43 of 2nd period - Slapshot by Ryan Ellis.
6:43 of 2nd period - Stopped by Petr Mrazek without a rebound.
6:44 of 2nd period - Joakim Nordstrom wins face-off versus Kevin Sundher in Americans zone.
7:11 of 2nd period - Snap shot by Kale Kessy.
7:11 of 2nd period - Goal by Kale Kessy - Americans : 6 - Rivermen : 1.
7:12 of 2nd period - Chris Brown wins face-off versus Max Reinhart in neutral zone.
7:15 of 2nd period - Jerome Samson is hit by Zack Phillips and loses puck.
8:04 of 2nd period - Nick Drazenovic is hit by J.T. Brown and loses puck.
8:27 of 2nd period - Snap shot by Brian Gibbons.
8:27 of 2nd period - Deflect By Ryan Reaves.
8:27 of 2nd period - Shot Blocked by Spencer Abbott.
8:27 of 2nd period - Puck is out of play.
8:28 of 2nd period - Kevin Sundher wins face-off versus Mark Stone in Americans zone.
8:38 of 2nd period - Slapshot by Anton Belov.
8:38 of 2nd period - Deflect By Joe Whitney.
8:38 of 2nd period - Stopped by Petr Mrazek without a rebound.
8:39 of 2nd period - Kevin Sundher wins face-off versus Joakim Nordstrom in Americans zone.
8:55 of 2nd period - Slapshot by Kevin Sundher.
8:55 of 2nd period - Shot Misses the Net.
9:22 of 2nd period - Off-side.
9:23 of 2nd period - Max Reinhart wins face-off versus Brian Gibbons in neutral zone.
9:30 of 2nd period - Cody Goloubef is hit by Jack Skille and loses puck.
9:53 of 2nd period - Wrist shot by Brian Gibbons.
9:53 of 2nd period - Shot Blocked by Dylan DeMelo.
9:56 of 2nd period - Icing by Dylan DeMelo.
9:57 of 2nd period - Max Reinhart wins face-off versus Zack Phillips in Americans zone.
10:06 of 2nd period - Zack Phillips is hit by Jack Skille and loses puck.
10:12 of 2nd period - Icing by Maxime Fortunus.
10:13 of 2nd period - Zack Phillips wins face-off versus Nick Drazenovic in Rivermen zone.
10:44 of 2nd period - Rasmus Ristolainen is hit by Maxime Fortunus.
10:47 of 2nd period - Off-side.
10:48 of 2nd period - Kevin Sundher wins face-off versus Brian Gibbons in neutral zone.
11:57 of 2nd period - Off-side.
11:58 of 2nd period - Nick Drazenovic wins face-off versus Joakim Nordstrom in neutral zone.
12:04 of 2nd period - Minor Penalty to Lane Scheidl for Hooking.
12:05 of 2nd period - Jack Skille wins face-off versus J.T. Brown in Rivermen zone.
12:09 of 2nd period - Wrist shot by Jerome Samson.
12:09 of 2nd period - Shot Misses the Net.
12:56 of 2nd period - Slapshot by Nick Drazenovic.
12:56 of 2nd period - Goal by Nick Drazenovic - Americans : 7 - Rivermen : 1.
12:57 of 2nd period - Nick Drazenovic wins face-off versus Joakim Nordstrom in neutral zone.
13:12 of 2nd period - Slapshot by Rasmus Ristolainen.
13:12 of 2nd period - Stopped by Farm Player87 with a rebound.
13:21 of 2nd period - Icing by Joakim Nordstrom.
13:22 of 2nd period - Max Reinhart wins face-off versus Joe Whitney in Rivermen zone.
13:42 of 2nd period - Minor Penalty to Maxime Fortunus for High sticking.
13:43 of 2nd period - J.T. Brown wins face-off versus Max Reinhart in Rivermen zone.
13:51 of 2nd period - Snap shot by Jack Skille.
13:51 of 2nd period - Shot Blocked by Anton Belov.
13:53 of 2nd period - Wrist shot by Jerome Samson.
13:53 of 2nd period - Shot Blocked by Anton Belov.
13:55 of 2nd period - Snap shot by Doug Janik.
13:55 of 2nd period - Deflect By Jack Skille.
13:55 of 2nd period - Goal by Jack Skille - Americans : 8 - Rivermen : 1.
13:55 of 2nd period - Tyler Bunz enters game.
13:56 of 2nd period - Max Reinhart wins face-off versus Brian Gibbons in neutral zone.
14:35 of 2nd period - Max Reinhart is hit by Ryan Reaves and loses puck.
14:48 of 2nd period - Slapshot by Ryan Ellis.
14:48 of 2nd period - Stopped by Petr Mrazek with a rebound.
14:50 of 2nd period - Slapshot by Anton Belov.
14:50 of 2nd period - Shot Blocked by Jerome Samson.
14:52 of 2nd period - Wrist shot by Zack Phillips.
14:52 of 2nd period - Shot Misses the Net.
14:54 of 2nd period - Snap shot by Zack Phillips.
14:54 of 2nd period - Stopped by Petr Mrazek with a rebound.
14:58 of 2nd period - Snap shot by Chris Brown.
14:58 of 2nd period - Shot Blocked by Doug Janik.
15:00 of 2nd period - Snap shot by Brian O'Neill.
15:00 of 2nd period - Deflect By Chris Brown.
15:00 of 2nd period - Shot Blocked by Max Reinhart.
15:00 of 2nd period - Puck is out of play.
15:01 of 2nd period - Nick Drazenovic wins face-off versus Joakim Nordstrom in Americans zone.
16:47 of 2nd period - Kale Kessy is hit by Brian Gibbons and loses puck.
17:10 of 2nd period - Snap shot by Joakim Nordstrom.
17:10 of 2nd period - Shot Blocked by Jamie MacQueen.
17:20 of 2nd period - Minor Penalty to Farm Player8 for Hooking.
17:21 of 2nd period - Max Reinhart wins face-off versus Brian Gibbons in Americans zone.
17:44 of 2nd period - Snap shot by Brian Gibbons.
17:44 of 2nd period - Shot Misses the Net.
18:04 of 2nd period - Snap shot by Mark Stone.
18:04 of 2nd period - Stopped by Petr Mrazek without a rebound.
18:05 of 2nd period - Max Reinhart wins face-off versus Joakim Nordstrom in Americans zone.
19:20 of 2nd period - Penalty to Farm Player8 is over, Farm Player8 is back on ice.
19:48 of 2nd period - Wrist shot by Brian O'Neill.
19:48 of 2nd period - Stopped by Petr Mrazek with a rebound.
Goals for this period are 5 for Americans vs 1 for Rivermen.
Shots for this period are 6 for Americans vs 15 for Rivermen.

3rd period


0:01 of 3rd period - Ryan Reaves wins face-off versus Max Reinhart in neutral zone.
0:04 of 3rd period - Slapshot by Ryan Ellis.
0:04 of 3rd period - Shot Blocked by Rasmus Ristolainen.
0:20 of 3rd period - Wrist shot by Jack Skille.
0:20 of 3rd period - Goal by Jack Skille - Americans : 9 - Rivermen : 1.
0:21 of 3rd period - Max Reinhart wins face-off versus Brian Gibbons in neutral zone.
0:37 of 3rd period - Slapshot by Brian Gibbons.
0:37 of 3rd period - Stopped by Petr Mrazek with a rebound.
0:49 of 3rd period - Slapshot by J.T. Brown.
0:49 of 3rd period - Stopped by Petr Mrazek without a rebound.
0:50 of 3rd period - Nick Drazenovic wins face-off versus Joakim Nordstrom in Americans zone.
0:50 of 3rd period - Nick Drazenovic is hit by Ryan Ellis.
1:02 of 3rd period - Snap shot by Mark Stone.
1:02 of 3rd period - Stopped by Petr Mrazek with a rebound.
1:04 of 3rd period - Snap shot by Anton Belov.
1:04 of 3rd period - Stopped by Petr Mrazek with a rebound.
1:40 of 3rd period - Zack Phillips is hit by Kevin Sundher.
2:00 of 3rd period - Kale Kessy is hit by Chris Brown and loses puck.
2:06 of 3rd period - Minor Penalty to Anton Belov for Hooking.
2:07 of 3rd period - J.T. Brown wins face-off versus Max Reinhart in Rivermen zone.
2:43 of 3rd period - J.T. Brown is hit by Jerome Samson and loses puck.
3:12 of 3rd period - Snap shot by Spencer Abbott.
3:12 of 3rd period - Stopped by Tyler Bunz with a rebound.
3:14 of 3rd period - Slapshot by Nick Drazenovic.
3:14 of 3rd period - Shot Misses the Net.
3:40 of 3rd period - Ryan Ellis is hit by Jerome Samson and loses puck.
4:06 of 3rd period - Penalty to Anton Belov is over, Anton Belov is back on ice.
4:19 of 3rd period - Snap shot by Jamie MacQueen.
4:19 of 3rd period - Shot Misses the Net.
4:21 of 3rd period - Snap shot by Nate Schmidt.
4:21 of 3rd period - Deflect By Jamie MacQueen.
4:21 of 3rd period - Shot Misses the Net.
4:21 of 3rd period - Puck is out of play.
4:22 of 3rd period - Zack Phillips wins face-off versus Kevin Sundher in Rivermen zone.
4:43 of 3rd period - Snap shot by Kevin Sundher.
4:43 of 3rd period - Shot Misses the Net.
4:45 of 3rd period - Wrist shot by Jamie MacQueen.
4:45 of 3rd period - Deflect By Kevin Sundher.
4:45 of 3rd period - Stopped by Tyler Bunz with a rebound.
4:47 of 3rd period - Slapshot by Jamie MacQueen.
4:47 of 3rd period - Shot Misses the Net.
4:49 of 3rd period - Snap shot by Kevin Sundher.
4:49 of 3rd period - Shot Misses the Net.
4:51 of 3rd period - Slapshot by Nate Schmidt.
4:51 of 3rd period - Stopped by Tyler Bunz without a rebound.
4:52 of 3rd period - Nick Cousins wins face-off versus Mark Stone in Rivermen zone.
4:52 of 3rd period - Rasmus Ristolainen is hit by Maxime Fortunus and loses puck.
4:57 of 3rd period - Slapshot by Rasmus Ristolainen.
4:57 of 3rd period - Stopped by Tyler Bunz with a rebound.
4:59 of 3rd period - Snap shot by Jerome Samson.
4:59 of 3rd period - Shot Misses the Net.
5:09 of 3rd period - Snap shot by Rasmus Ristolainen.
5:09 of 3rd period - Deflect By Joe Whitney.
5:09 of 3rd period - Stopped by Tyler Bunz with a rebound.
5:35 of 3rd period - Zack Phillips is hit by Kevin Sundher and loses puck.
6:14 of 3rd period - Snap shot by Brian Gibbons.
6:14 of 3rd period - Stopped by Petr Mrazek with a rebound.
6:20 of 3rd period - Brian Gibbons is hit by Kevin Sundher.
6:30 of 3rd period - Joakim Nordstrom is hit by Spencer Abbott and loses puck.
7:03 of 3rd period - Ryan Ellis is hit by Nick Drazenovic and loses puck.
7:19 of 3rd period - Brian Gibbons is hit by Dylan DeMelo and loses puck.
7:43 of 3rd period - Snap shot by Chris Brown.
7:43 of 3rd period - Shot Misses the Net.
8:31 of 3rd period - Snap shot by Max Reinhart.
8:31 of 3rd period - Shot Blocked by Joe Piskula.
8:33 of 3rd period - Backhand shot by Nick Cousins.
8:33 of 3rd period - Stopped by Tyler Bunz with a rebound.
8:43 of 3rd period - Joe Whitney is hit by Kale Kessy and loses puck.
8:54 of 3rd period - Snap shot by Kevin Sundher.
8:54 of 3rd period - Shot Misses the Net.
8:56 of 3rd period - Slapshot by Doug Janik.
8:56 of 3rd period - Shot Misses the Net.
11:02 of 3rd period - Wrist shot by Brian Gibbons.
11:02 of 3rd period - Deflect By J.T. Brown.
11:02 of 3rd period - Stopped by Petr Mrazek with a rebound.
11:04 of 3rd period - Slapshot by Ryan Sproul.
11:04 of 3rd period - Stopped by Petr Mrazek with a rebound.
11:06 of 3rd period - Wrist shot by Brian Gibbons.
11:06 of 3rd period - Shot Misses the Net.
11:46 of 3rd period - Backhand shot by Zack Phillips.
11:46 of 3rd period - Stopped by Petr Mrazek with a rebound.
11:48 of 3rd period - Slapshot by Cody Goloubef.
11:48 of 3rd period - Stopped by Petr Mrazek with a rebound.
12:32 of 3rd period - Wrist shot by Rasmus Ristolainen.
12:32 of 3rd period - Deflect By Jamie MacQueen.
12:32 of 3rd period - Stopped by Tyler Bunz with a rebound.
13:26 of 3rd period - Slapshot by Brian O'Neill.
13:26 of 3rd period - Shot Blocked by Dylan DeMelo.
13:52 of 3rd period - Snap shot by Jerome Samson.
13:52 of 3rd period - Shot Misses the Net.
13:58 of 3rd period - Jerome Samson is hit by Joakim Nordstrom and loses puck.
14:26 of 3rd period - Snap shot by Spencer Abbott.
14:26 of 3rd period - Stopped by Tyler Bunz with a rebound.
14:28 of 3rd period - Wrist shot by Maxime Sauve.
14:28 of 3rd period - Shot Misses the Net.
14:30 of 3rd period - Snap shot by Spencer Abbott.
14:30 of 3rd period - Stopped by Tyler Bunz with a rebound.
14:48 of 3rd period - Mark Stone is hit by Kale Kessy and loses puck.
14:49 of 3rd period - Mark Stone from Rivermen is injured at 14:49 of 3rd period (Left Hip).
14:50 of 3rd period - Brian Gibbons wins face-off versus Max Reinhart in Rivermen zone.
14:50 of 3rd period - Brian Gibbons is hit by Max Reinhart.
15:13 of 3rd period - Wrist shot by Jack Skille.
15:13 of 3rd period - Stopped by Tyler Bunz with a rebound.
15:20 of 3rd period - Minor Penalty to Rob Davison for Boarding.
15:21 of 3rd period - Maxime Sauve wins face-off versus J.T. Brown in Rivermen zone.
15:21 of 3rd period - Slapshot by Rasmus Ristolainen.
15:21 of 3rd period - Stopped by Tyler Bunz without a rebound.
15:22 of 3rd period - J.T. Brown wins face-off versus Nick Drazenovic in Rivermen zone.
15:43 of 3rd period - Slapshot by Rasmus Ristolainen.
15:43 of 3rd period - Shot Blocked by Brian Gibbons.
15:45 of 3rd period - Wrist shot by Nick Drazenovic.
15:45 of 3rd period - Shot Misses the Net.
15:47 of 3rd period - Slapshot by Rasmus Ristolainen.
15:47 of 3rd period - Shot Blocked by Anton Belov.
15:49 of 3rd period - Wrist shot by Doug Janik.
15:49 of 3rd period - Shot Blocked by J.T. Brown.
15:51 of 3rd period - Slapshot by Doug Janik.
15:51 of 3rd period - Stopped by Tyler Bunz without a rebound.
15:52 of 3rd period - Max Reinhart wins face-off versus J.T. Brown in Rivermen zone.
16:03 of 3rd period - Wrist shot by Jack Skille.
16:03 of 3rd period - Stopped by Tyler Bunz with a rebound.
16:43 of 3rd period - Ryan Reaves is hit by Maxime Sauve and loses puck.
16:54 of 3rd period - Anton Belov is hit by Nick Drazenovic.
17:20 of 3rd period - Penalty to Rob Davison is over, Rob Davison is back on ice.
17:56 of 3rd period - Wrist shot by Joakim Nordstrom.
17:56 of 3rd period - Stopped by Petr Mrazek with a rebound.
17:58 of 3rd period - Snap shot by Joe Whitney.
17:58 of 3rd period - Shot Blocked by Kale Kessy.
18:00 of 3rd period - Snap shot by Joe Piskula.
18:00 of 3rd period - Stopped by Petr Mrazek with a rebound.
18:34 of 3rd period - Snap shot by Brian O'Neill.
18:34 of 3rd period - Stopped by Petr Mrazek with a rebound.
18:36 of 3rd period - Slapshot by Cody Goloubef.
18:36 of 3rd period - Stopped by Petr Mrazek with a rebound.
19:10 of 3rd period - Chris Brown is hit by Jerome Samson and loses puck.
Goals for this period are 1 for Americans vs 0 for Rivermen.
Shots for this period are 14 for Americans vs 13 for Rivermen.


Output by the SimonT Hockey Simulator (STHS) for Eric Dolegowski -- Original Page W3C XHTML 1.0 Valid
Hockey Simulator - Hockey Simulation - Hockey Manager